 Dungeon Crawl Stone Soup version 0.23.0 (webtiles) character file.

Game seed: 16449046835874720170

10787 Torikoriko the Grappler (level 11, -2/115 HPs)
             Began as a Troll Gladiator on Feb 16, 2019.
             Was a Priest of Elyvilon.
             Slain by a seven-headed hydra (7 damage)
             ... on level 11 of the Dungeon.
             The game lasted 00:38:16 (9630 turns).

Torikoriko the Grappler (Troll Gladiator)           Turns: 9630, Time: 00:38:16

Health: -2/115     AC:  9    Str: 32    XL:     11   Next: 40%
Magic:  0/13       EV: 10    Int:  7    God:    Elyvilon [***...]
Gold:   878        SH:  9    Dex: 11    Spells: 10/10 levels left

rFire    . . .     SeeInvis +     - Unarmed
rCold    . . .     Gourm    +   s - +0 shield
rNeg     . . .     Faith    .   i - +2 robe {rC+}
rPois    +         Spirit   +   b - +1 hat
rElec    +         Reflect  .   p - scarf {Spirit}
rCorr    +         Harm     .   (gloves unavailable)
MR       .....                  (boots unavailable)
Stlth    +.........             (no amulet)
HPRegen  0.69/turn              B - ring of Midnight {rElec rPois rC- Str+3 SInv}
MPRegen  0.13/turn              j - ring of resist corrosion

@: mighty, protection
A: large, unfitting armour, claws 3, fast metabolism 3, gourmand, regeneration
1, shaggy fur 1, tough skin 3
a: Lesser Healing, Heal Other, Purification, Divine Protection, Renounce
Religion


You were on level 11 of the Dungeon.
You worshipped Elyvilon.
Elyvilon was most pleased with you.
You were very full.

You visited 1 branch of the dungeon, and saw 11 of its levels.
You also visited: Bailey.

You collected 1235 gold pieces.
You spent 357 gold pieces at shops.

Inventory:

Missiles
 c - 10 throwing nets {!f}
 k - 6 javelins (quivered)
Armour
 b - a +1 hat (worn)
 i - a +2 robe of cold resistance (worn)
 p - a scarf of spirit shield (worn)
 s - a +0 shield (worn)
Jewellery
 j - a ring of resist corrosion (right claw)
 B - the ring of Midnight (left claw) {rElec rPois rC- Str+3 SInv}
   (You bought it in a shop on level 6 of the Dungeon)

   [ring of see invisible]

   It affects your strength (+3).
   It makes you vulnerable to cold.
   It insulates you from electricity.
   It protects you from poison.
   It lets you see invisible.
Wands
 o - a wand of iceblast (19)
 u - a wand of disintegration (3)
 E - a wand of enslavement (10)
Scrolls
 g - 2 scrolls of enchant armour
 l - 4 scrolls of remove curse
 n - 3 scrolls of amnesia
 q - a scroll of magic mapping {unknown}
 r - 7 scrolls of identify
 x - a scroll of holy word {unknown}
 A - a scroll of teleportation
Potions
 e - 2 potions of brilliance
 f - 5 potions of flight
 h - 4 potions of curing
 m - 4 potions of heal wounds
 t - a potion of mutation {unknown}
 v - 2 potions of might
 w - 3 potions of haste
 z - a potion of agility {unknown}
 D - a potion of degeneration {unknown}
Comestibles
 a - 5 chunks of flesh
 d - 26 rations


   Skills:
 + Level 9.6 Fighting
 - Level 1.7 Throwing
 - Level 5.5 Dodging
 * Level 2.3 Shields
 + Level 11.4 Unarmed Combat
 - Level 5.1 Invocations


You had 10 spell levels left.
You didn't know any spells.
Your spell library was empty.

Dungeon Overview and Level Annotations

Branches:
Dungeon (11/15)            Temple (0/1) D:6            Lair (0/6) D:11
    Orc: D:9-12

Altars:
Ashenzari
Elyvilon
Fedhas
Hepliaklqana
Ru
Vehumet
Xom
Yredelemnul
Zin

Shops:
D:6 =   D:10 :


Innate Abilities, Weirdness & Mutations

You are too large for most types of armour.
You have claws for hands.
Your metabolism is lightning-fast.
You like to eat raw meat.
Your natural rate of healing is unusually fast.
You are covered in fur. (AC +1)
You have extremely tough skin. (AC +3)


Message History

The six-headed hydra barely misses you. The six-headed hydra bites you!
You tear one of the six-headed hydra's heads off!
The five-headed hydra grows two more!
You mangle the seven-headed hydra!!
The seven-headed hydra is heavily wounded.
The orc hits you but does no damage.
The seven-headed hydra barely misses you.
The seven-headed hydra bites you!
* * * LOW HITPOINT WARNING * * *
You block the seven-headed hydra's attack.
The seven-headed hydra bites you!
* * * LOW HITPOINT WARNING * * *
The seven-headed hydra bites you!
* * * LOW HITPOINT WARNING * * *
The seven-headed hydra bites you!
* * * LOW HITPOINT WARNING * * *
The seven-headed hydra bites you.
* * * LOW HITPOINT WARNING * * *
You beseech Elyvilon to protect your life.
You block the orc's attack. The seven-headed hydra bites you!
You die...

########### #.........#
#.........#
#.........######
#...............
#.........#############
....#####.#<...o......#
.##.# #o#)...D@.....#
..)[#####.#.###########
.....†.##.#.........
..........o.##......
...................(
....###.#.#.##...... #
....# #^#.#.# ..... #.
#...# #.#.#(# ....
###.#####
....###.#.#.##......
D......(.


You could see a seven-headed hydra and an orc.

Vanquished Creatures
  Fannar (D:10)
  A manticore (D:7)
  A tengu conjurer (D:10)
  2 trolls (D:10)
  2 hippogriffs
  12 yaks
  A hungry ghost (D:10)
  2 ice beasts
  5 orc warriors
  5 phantoms
  A sky beast (D:8)
  A necrophage (D:9)
  2 ogres
  3 centaurs
  2 big kobolds
  3 bullfrogs
  8 gnoll sergeants
  5 scorpions
  2 water moccasin skeletons
  16 killer bees
  23 wights
  5 howler monkeys
  A bullfrog zombie (D:10)
  7 crimson imps
  A centaur zombie (D:5)
  2 jellies
  An orc priest (D:11)
  10 hounds
  5 gnoll shamans (Bailey)
  2 iguanas
  2 centaur skeletons
  6 orc wizards
  6 worker ants
  A statue (D:8)
  A hound skeleton (D:9)
  A howler monkey zombie (D:5)
  2 worker ant zombies
  20 gnolls
  8 river rats (D:6)
  8 adders
  2 shadow imps
  An ooze (D:3)
  2 adder skeletons
  4 worms
  3 dart slugs (D:1)
  6 leopard geckos
  31 orcs
  7 bats
  5 giant cockroaches
  2 gnoll zombies (D:9)
  7 goblins
  6 hobgoblins
  10 jackals
  10 quokkas
  4 frilled lizards
  18 kobolds
  25 rats
330 creatures vanquished.

Vanquished Creatures (others)
  A gnoll shaman (Bailey)
  4 gnolls (Bailey)
5 creatures vanquished.

Grand Total: 335 creatures vanquished

Notes
Turn   | Place    | Note
-------+----------+-------------------------------------------
     0 | D:1      | Torikoriko the Troll Gladiator began the quest for the Orb.
     0 | D:1      | Reached XP level 1. HP: 19/19 MP: 0/0
   124 | D:1      | Reached XP level 2. HP: 24/28 MP: 1/1
   425 | D:1      | You fall through a shaft!
   444 | D:2      | Reached XP level 3. HP: 36/36 MP: 2/2
  1126 | D:2      | Reached skill level 4 in Unarmed Combat
  1456 | D:3      | Reached XP level 4. HP: 38/44 MP: 1/3
  1597 | D:3      | Found a shimmering altar of Xom.
  1996 | D:4      | Reached XP level 5. HP: 53/53 MP: 4/4
  2066 | D:4      | Noticed an orc warrior
  2183 | D:4      | Killed an orc warrior
  2183 | D:4      | Reached skill level 5 in Unarmed Combat
  2183 | D:4      | Reached XP level 6. HP: 62/62 MP: 5/5
  2362 | D:4      | Found a white marble altar of Elyvilon.
  2394 | D:4      | Became a worshipper of Elyvilon the Healer
  2632 | D:5      | Entered Level 5 of the Dungeon
  2732 | D:5      | Reached skill level 1 in Invocations
  2808 | D:5      | Reached skill level 6 in Unarmed Combat
  2808 | D:5      | Reached XP level 7. HP: 70/71 MP: 6/6
  2883 | D:5      | Found a blossoming altar of Fedhas.
  3017 | D:5      | Reached * piety under Elyvilon
  3064 | D:5      | Reached skill level 5 in Fighting
  3206 | D:5      | Got a smoking whip
  3224 | D:6      | Found Vesuywk's Jewellery Shop.
  3228 | D:6      | Bought the ring of Midnight {rElec rPois rC- Str+3 SInv}
                  | for 357 gold pieces
  3234 | D:6      | Identified the +5 whip "Hafih" {freeze, Dex+2} (You found
                  | it on level 5 of the Dungeon)
  3385 | D:6      | Found a staircase to the Ecumenical Temple.
  3526 | D:6      | Reached XP level 8. HP: 52/81 MP: 5/8
  3534 | D:6      | Reached skill level 7 in Unarmed Combat
  3896 | D:6      | Found a shattered altar of Ashenzari.
  3938 | D:6      | Reached ** piety under Elyvilon
  3950 | D:6      | Found a glowing silver altar of Zin.
  4178 | D:7      | Noticed a troll
  4271 | D:7      | Found a hazy altar of Hepliaklqana.
  4619 | D:7      | Noticed a manticore
  4625 | D:7      | Killed a manticore
  4625 | D:7      | Reached skill level 8 in Unarmed Combat
  4625 | D:7      | Reached XP level 9. HP: 67/92 MP: 6/10
  4866 | D:7      | Found a sacrificial altar of Ru.
  5522 | D:8      | Reached skill level 9 in Unarmed Combat
  5669 | D:8      | Found a radiant altar of Vehumet.
  5708 | D:8      | Reached *** piety under Elyvilon
  5766 | D:8      | Found a flagged portal.
  5779 | Bailey   | Entered a bailey
  6004 | Bailey   | Reached XP level 10. HP: 96/104 MP: 9/12
  6394 | Bailey   | Reached skill level 5 in Invocations
  7218 | D:9      | Reached skill level 10 in Unarmed Combat
  7503 | D:9      | Found a basalt altar of Yredelemnul.
  7581 | D:10     | Entered Level 10 of the Dungeon
  7635 | D:10     | Reached **** piety under Elyvilon
  7736 | D:10     | Noticed Fannar
  7758 | D:10     | Killed Fannar
  7996 | D:10     | Reached skill level 5 in Dodging
  8394 | D:10     | Reached XP level 11. HP: 104/115 MP: 11/13
  8487 | D:10     | Reached skill level 11 in Unarmed Combat
  8800 | D:10     | Found Siorofof's Book Shoppe.
  9031 | D:11     | Noticed a four-headed hydra
  9226 | D:11     | Found a staircase to the Lair.
  9427 | D:11     | Reached skill level 1 in Shields
  9629 | D:11     | HP: 4/115 [seven-headed hydra (6)]
  9630 | D:11     | Slain by a seven-headed hydra

Skill      XL: |  1  2  3  4  5  6  7  8  9 10 11 |
---------------+----------------------------------+-----
Fighting       | 2 3 4 5 6 7 9 |  9.6
Unarmed Combat | 4 5 6 8 9 10 11 | 11.4
Invocations    | 1 2 3 4 5 |  5.1
Dodging        | 3 4 5 |  5.5
Shields        | 2 |  2.3
Throwing       | |  1.7

Action                   |  1- 3 |  4- 6 |  7- 9 | 10-12 || total
-------------------------+-------+-------+-------+-------++-------
Melee: Unarmed           |    98 |   107 |   366 |   407 ||   978
       Punch             |     1 |     2 |     7 |    21 ||    31
Throw: Javelin           |       |     4 |     7 |     8 ||    19
Invok: Heal Other        |       |       |     3 |     6 ||     9
       Lesser Healing    |       |       |     1 |       ||     1
       Divine Protection |       |       |       |     1 ||     1
       Greater Healing   |       |       |       |     1 ||     1
Evoke: Wand              |       |       |     6 |     9 ||    15
  Use: Scroll            |       |    10 |     7 |     1 ||    18
       Potion            |       |       |     1 |     4 ||     5
 Stab: Sleeping          |     1 |     1 |       |       ||     2
       Invisible         |       |       |     1 |     1 ||     2
       Paralysed         |       |       |     1 |       ||     1
  Eat: Chunk             |    19 |    10 |    32 |    37 ||    98
       Ration            |       |       |       |     1 ||     1
Armor: Robe              |    48 |    23 |   123 |   130 ||   324
       Skin              |       |       |       |    11 ||    11
Dodge: Dodged            |    48 |    41 |   199 |   212 ||   500
Block: Shield            |       |       |       |    47 ||    47
